 Dungeon Crawl Stone Soup version 0.21.1-1-g345015f (webtiles) character file.

91 grindst0ne the Skirmisher (level 4, -4/48 HPs)
             Began as an Ogre Arcane Marksman on Feb 24, 2018.
             Slain by Quirk's ghost (6 damage)
             ... on level 3 of the Dungeon.
             The game lasted 00:03:55 (2112 turns).

grindst0ne the Skirmisher (Ogre Arcane Marksman)    Turns: 2112, Time: 00:03:56

Health: -4/48      AC:  4    Str: 14    XL:     4   Next: 59%
Magic:  0/5        EV: 10    Int: 14    God:
Gold:   186        SH:  0    Dex: 12    Spells: 4/5 levels left

rFire    . . .     SeeInvis .   g - +1 dagger (venom)
rCold    . . .     Gourm    .   (no shield)
rNeg     . . .     Faith    .   l - +1 robe {MR+}
rPois    .         Spirit   +   (helmet restricted)
rElec    .         Reflect  .   w - scarf {Spirit}
rCorr    .         Harm     .   (gloves unavailable)
MR       +....                  (boots unavailable)
Stlth    +.........             (no amulet)
HPRegen  0.16/turn              q - +2 ring of dexterity
MPRegen  0.09/turn              (no ring)

@: berserk cooldown, slowed, very slow
A: large, unfitting armour, tough skin 1
a: no special abilities


You were on level 3 of the Dungeon.
You were not hungry.

You visited 1 branch of the dungeon, and saw 3 of its levels.

You collected 186 gold pieces.

Inventory:

Hand Weapons
 g - a +1 dagger of venom (weapon)
Armour
 l - a +1 robe of magic resistance (worn)
 w - a scarf of spirit shield (worn)
Jewellery
 j - a +4 ring of dexterity
 q - a +2 ring of dexterity (left hand)
 v - a cursed -6 ring of slaying {unknown}
Scrolls
 a - 3 scrolls of identify {unknown}
 h - a scroll of fear {unknown}
 k - 2 scrolls of amnesia {unknown}
 p - a scroll of remove curse {unknown}
 r - a scroll of fog {unknown}
 t - a scroll of enchant weapon {unknown}
 u - 3 scrolls of blinking {unknown}
Potions
 o - a potion of might {unknown}
 s - a potion of lignification {unknown}
Books
 b - a book of Debilitation

   Spells                             Type                      Level
   a - Corona                         Hexes                        1
   b - Slow                           Hexes                        2
   c - Inner Flame                    Hexes/Fire                   3
   d - Portal Projectile              Hexes/Translocation          3
   e - Cause Fear                     Hexes                        4
   f - Leda's Liquefaction            Hexes/Earth                  4
Comestibles
 d - a chunk of flesh
 f - 3 rations


   Skills:
 + Level 4.1 Fighting
 + Level 3.5 Throwing
 - Level 1.7 Dodging
 - Level 1.2 Spellcasting
 - Level 2.6 Hexes


You had 4 spell levels left.
You knew the following spells:

 Your Spells              Type           Power        Failure   Level  Hunger
a - Corona                Hex            #......      9%          1    ##.....


Dungeon Overview and Level Annotations

Branches:
Dungeon (3/15)

Altars:
Qazlal

Annotations:
D:3 Quirk's ghost, amateur GnFi


Innate Abilities, Weirdness & Mutations

You are too large for most types of armour.
You have tough skin. (AC +1)


Message History

Quirk's ghost is lightly damaged.
Quirk's ghost hits you!
* * * LOW HITPOINT WARNING * * *
You hit Quirk's ghost.
Quirk's ghost is moderately damaged.
Quirk's ghost ripples.
Quirk's ghost closely misses you.
You barely miss Quirk's ghost.
Quirk's ghost is moderately damaged.
You hit Quirk's ghost.
Quirk's ghost is heavily damaged.
Quirk's ghost hits you!
* * * LOW HITPOINT WARNING * * *
You feel a strong urge to attack something.
You are no longer berserk.
You are exhausted.
You feel yourself slow down.
Okay, then.
Quirk's ghost hits you!
You die...

#.# ... #.# #.# #.#
###.# #...# ###@###
########## #.W...#
#........# #.#.....#
#........#####h#.......!
#.......ghh....#...#.###
#$.(.(...###########.#
...###'### # ... #.# ..
#<#


You could see Quirk's ghost and a jackal.

Vanquished Creatures
  4 adders (D:2)
  3 dart slugs (D:1)
  2 leopard geckos (D:1)
  A ball python (D:1)
  A giant cockroach (D:2)
  4 hobgoblins
  6 jackals
  A quokka (D:2)
  6 bats
  4 frilled lizards
  6 goblins
  5 kobolds
  2 rats
45 creatures vanquished.

Notes
Turn   | Place    | Note
-------+----------+-------------------------------------------
     0 | D:1      | grindst0ne the Ogre Arcane Marksman began the quest for the Orb.
     0 | D:1      | Reached XP level 1. HP: 19/19 MP: 2/2
    28 | D:1      | Reached skill level 2 in Fighting
   287 | D:1      | Reached XP level 2. HP: 28/28 MP: 3/3
   780 | D:1      | Reached XP level 3. HP: 35/36 MP: 4/4
   933 | D:1      | Reached skill level 3 in Fighting
  1600 | D:2      | Reached XP level 4. HP: 44/45 MP: 5/5
  1935 | D:2      | Found a stormy altar of Qazlal.
  1944 | D:2      | Reached skill level 4 in Fighting
  2078 | D:3      | Noticed Quirk's ghost (amateur GnFi)
  2106 | D:3      | HP: 2/72 [Quirk's ghost (8)]
  2112 | D:3      | Slain by Quirk's ghost

Skill      XL: |  1  2  3  4 |
---------------+-------------+-----
Fighting       | 2 3 4 |  4.1
Throwing       | 3 |  3.5
Dodging        | |  1.7
Spellcasting   | |  1.2
Hexes          | |  2.6

Action                   |  1- 3 |  4- 6 || total
-------------------------+-------+-------++-------
Melee: Unarmed           |    42 |       ||    42
       Dagger            |    90 |    64 ||   154
Throw: Large rock        |    22 |     8 ||    30
       Throwing net      |     3 |     1 ||     4
  Use: Potion            |       |     4 ||     4
  Eat: Chunk             |     2 |     2 ||     4
Armor: Robe              |    62 |    29 ||    91
Dodge: Dodged            |    93 |    56 ||   149
